 Dungeon Crawl Stone Soup version 0.24-a0-582-g4d4af81 (webtiles) character file.

Game seed: 11853895695047664102

46001 DrEnzyme the Covert (level 13, -10/110 HPs)
             Began as a Demigod Wanderer on Aug 24, 2019.
             Killed from afar by an oklob plant (13 damage)
             ... with a splash of acid
             ... on level 3 of the Lair of Beasts on Aug 25, 2019.
             The game lasted 02:24:58 (37885 turns).

DrEnzyme the Covert (Demigod Wanderer)             Turns: 37885, Time: 02:24:59

Health: -10/110    AC: 11    Str: 22    XL:     13   Next: 65%
Magic:  23/23      EV:  8    Int: 19    God:
Gold:   267        SH: 11    Dex: 15    Spells: 19/20 levels left

rFire    + . .     SeeInvis +   a - +2 rapier (flame)
rCold    . . .     Gourm    .   M - +0 shield {rPois}
rNeg     . . .     Faith    .   S - +2 chain mail {rF+}
rPois    +         Spirit   .   t - +0 helmet
rElec    +         Reflect  .   n - +0 cloak
rCorr    .         Harm     .   r - +0 pair of gloves of the Storm King {rElec Dex-3 Slay+5}
MR       +....                  o - +2 pair of boots {run}
Stlth    +.........             (no amulet)
HPRegen  0.28/turn              g - ring of see invisible
MPRegen  0.18/turn              k - +5 ring of intelligence

@: corroded, heavily drained, quick
A: high mp 1
a: no special abilities


You were on level 3 of the Lair of Beasts.
You were not hungry.

You visited 3 branches of the dungeon, and saw 19 of its levels.
You also visited: Ossuary and Volcano.

You collected 2082 gold pieces.
You spent 1815 gold pieces at shops.

Inventory:

Hand Weapons
 a - a +2 rapier of flaming (weapon)
 b - a +0 antimagic demon blade
Missiles
 p - 3 javelins
 w - a silver javelin
 B - 48 poisoned darts (quivered)
Armour
 m - the +3 shield of Negation {rN++ Int+7}
   (You acquired it on level 10 of the Dungeon)

   It affects your intelligence (+7).
   It greatly protects you from negative energy.
 n - a +0 cloak (worn)
 o - a +2 pair of boots of running (worn)
 r - the +0 pair of gloves of the Storm King (worn) {rElec Dex-3 Slay+5}
   (You bought it in a shop on level 2 of the Orcish Mines)

   It affects your dexterity (-3).
   It affects your accuracy and damage with ranged weapons and melee attacks
   (+5).
   It insulates you from electricity.
 t - a +0 helmet (worn)
 y - the +2 plate armour of Negation {MP+9 Str+3 Stlth+}
   (You bought it in a shop on level 1 of the Orcish Mines)

   It affects your strength (+3).
   It affects your magic capacity (+9).
   It makes you more stealthy.
 M - a +0 shield of poison resistance (worn)
 S - a +2 chain mail of fire resistance (worn)
Jewellery
 g - a ring of see invisible (left hand)
 k - a +5 ring of intelligence (right hand)
 I - an uncursed ring of flight
Wands
 v - a wand of flame (6)
Scrolls
 e - a scroll of fog
 h - 10 scrolls of remove curse
 i - a scroll of identify
 j - 6 scrolls of immolation
 l - a scroll of magic mapping
 z - 2 scrolls of blinking
 E - 2 scrolls of amnesia
Potions
 d - a potion of cancellation
 q - 4 potions of agility
 s - a potion of ambrosia
 u - 3 potions of lignification
 x - 2 potions of mutation
 G - 2 potions of resistance
 Q - a potion of brilliance
Miscellaneous
 A - a phial of floods (inert)
Comestibles
 f - 8 rations


   Skills:
 * Level 8.8(6.4) Fighting
 - Level 4.8(5.1) Short Blades
 * Level 8.7(6.9) Long Blades
   Level 0.2(0.0) Slings
 - Level 2.4(0.5) Throwing
 + Level 8.2(5.9) Armour
 - Level 5.1(3.0) Dodging
 + Level 12.4(9.8) Stealth
 + Level 8.6(6.2) Shields
 - Level 4.1(2.1) Spellcasting
 - Level 4.0(1.9) Hexes
   Level 1.0(0.0) Transmutations
   Level 1.7(0.0) Air Magic
 + Level 2.0(0.0) Evocations


You had 19 spell levels left.
You knew the following spells:

 Your Spells              Type           Power        Failure   Level  Hunger
a - Confusing Touch       Hex            #.....       86%         1    #......

Your spell library contained the following spells:

 Spells                   Type           Power        Failure   Level  Hunger
 Corona                   Hex            #......      86%         1    #......
 Animate Skeleton         Necr           N/A          98%         1    #......
 Freeze                   Ice            #...         98%         1    #......
 Magic Dart               Conj           #...         98%         1    #......
 Pain                     Necr           #...         98%         1    #......
 Ensorcelled Hibernation  Hex/Ice        #.....       98%         2    ##.....
 Searing Ray              Conj           #.....       99%         2    ##.....
 Throw Frost              Conj/Ice       #.....       99%         2    ##.....
 Confuse                  Hex            #.......     99%         3    ###....
 Tukima's Dance           Hex            #.......     99%         3    ###....
 Dazzling Spray           Conj/Hex       #.....       100%        3    ###....
 Gell's Gravitas          Tloc           #.........   100%        3    ###....
 Ozocubu's Armour         Chrm/Ice       #.......     100%        3    ###....
 Recall                   Summ/Tloc      N/A          100%        3    ###....
 Regeneration             Chrm/Necr      #.........   100%        3    ###....
 Vampiric Draining        Necr           #.........   100%        3    ###....
 Animate Dead             Necr           N/A          100%        4    #####..
 Force Lance              Conj/Tloc      #.......     100%        4    #####..
 Fulminant Prism          Conj/Hex       #.........   100%        4    #####..
 Iskenderun's Mystic Bla  Conj           #.......     100%        4    #####..
 Leda's Liquefaction      Hex/Erth       #.........   100%        4    #####..
 Petrify                  Tmut/Erth      #.......     100%        4    #####..
 Summon Ice Beast         Ice/Summ       #.......     100%        4    #####..
 Throw Icicle             Conj/Ice       #.......     100%        4    #####..
 Aura of Abjuration       Summ           #.........   100%        5    ######.
 Bolt of Magma            Conj/Fire/Erth #.........   100%        5    ######.
 Metabolic Englaciation   Hex/Ice        #.........   100%        5    ######.
 Summon Demon             Summ           #.........   100%        5    ######.
 Summon Forest            Summ/Tloc      #.........   100%        5    ######.
 Summon Mana Viper        Hex/Summ       #.......     100%        5    ######.
 Yara's Violent Unravell  Hex/Tmut       #.........   100%        5    ######.
 Iron Shot                Conj/Erth      #.........   100%        6    #######
 Shadow Creatures         Summ           N/A          100%        6    #######
 Statue Form              Tmut/Erth      #........    100%        6    #######
 Shatter                  Erth           #.........   100%        9    #######


Dungeon Overview and Level Annotations

Branches:
Dungeon (13/15)            Temple (0/1) D:5            Lair (4/6) D:11
 Shoals (0/4) Lair:3        Snake (0/4) Lair:4          Orc (2/2) D:11
    Elf (0/3) Orc:2       Ossuary (visited)         Volcano (visited)
 Vaults: D:13-14

Shops:
D:11 [   D:12 !   Orc:1 [:[   Orc:2 [[[(

Annotations:
D:5 exclusion: gnoll
D:9 exclusion: ugly thing
D:11 exclusion: door
D:12 Frances
Lair:2 3 runed translucent doors, exclusion: 3 doors, Hounuoppe's ghost, journeyman OgTm
Lair:3 exclusion: 3 oklob plants
Lair:4 Nessos
Orc:1 3 runed translucent doors, Dorkslayer's ghost, journeyman MiFi; Gughamud's ghost, journeyman HOFi
Orc:2 Saint Roka


Innate Abilities, Weirdness & Mutations

You have an increased reservoir of magic. (+10% MP)


Message History

The acid corrodes you!
You are splashed with acid!
The oklob plant spits acid at you. The splash of acid hits you!
The acid corrodes you!
You are splashed with acid!
The oklob plant spits acid at you. The splash of acid hits you.
You are splashed with acid!
The oklob plant spits acid at you.
The splash of acid hits you but does no damage.
The acid corrodes you!
You are splashed with acid!
The oklob plant spits acid at you. The splash of acid hits you!
* * * LOW HITPOINT WARNING * * *
You are splashed with acid!
* * * LOW HITPOINT WARNING * * *
The oklob plant spits acid at you.
The splash of acid hits you but does no damage.
The acid corrodes you!
You are splashed with acid!
* * * LOW HITPOINT WARNING * * *
The oklob plant spits acid at you. The splash of acid hits you!
You die...

#................
#########...[..##
#PPPPPP#......##
#≈≈≈≈≈≈#......#.
#≈....≈#......#.
###......#........
#>.......#......##
#>.......'.......#
#@......(#.......#
###......#.......#
#≈....≈#........
#≈≈≈≈≈≈#........
#P.PPPP###..#.#.
######## #######


You could see 2 oklob plants.

Vanquished Creatures
  Gastronok (D:12)
  A red draconian (Volcano)
  Snorg (D:11)
  Josephine (D:11)
  Fannar (Lair:3)
  A catoblepas (D:11)
  A centaur warrior (Volcano)
  2 two-headed ogres
  6 death yaks
  An orc high priest (Orc:2)
  A tengu warrior (D:11)
  Sonja (Lair:3)
  An orc knight (Orc:2)
  A deep elf mage (D:11)
  5 orc sorcerers (Orc:2)
  2 ugly things
  4 cyclopes
  2 manticores
  Maurice (Orc:1)
  Joseph (D:10)
  2 merfolk sirens (Lair:3)
  A black mamba (Lair:4)
  Psyche (D:10)
  A gargoyle (D:11)
  2 spiny frogs
  A yaktaur (Volcano)
  2 kobold demonologists
  3 trolls
  Prince Ribbit (D:6)
  A queen bee (shapeshifter) (D:11)
  A hornet (D:12)
  A meliai zombie (D:11)
  7 hippogriffs
  2 wyverns
  3 wraiths (D:11)
  2 shadows (D:11)
  23 yaks
  A basilisk (Lair:2)
  2 vampire mosquitoes (D:12)
  Menkaure (Ossuary)
  4 fire elementals
  5 wargs
  5 water moccasins
  A hell hound (D:12)
  4 porcupines
  27 orc warriors
  3 phantoms
  4 ice beasts
  A black bear (D:11)
  3 sky beasts
  2 necrophages (D:10)
  17 ogres
  An eye of draining (D:11)
  6 wolves
  10 centaurs
  6 crocodiles
  11 big kobolds
  18 bullfrogs
  4 scorpions
  5 killer bees
  6 howler monkeys
  2 electric eels (Lair:2)
  7 crimson imps
  5 centaur zombies
  2 bullfrog zombies (D:12)
  4 hounds
  5 centaur skeletons
  A jelly (D:11)
  A human zombie (Ossuary)
  15 orc priests
  17 orc wizards
  2 bullfrog skeletons (D:12)
  5 iguanas
  7 worker ants
  An ogre zombie (Ossuary)
  6 mummies (Ossuary)
  A worker ant zombie (D:9)
  3 gnolls
  10 adders
  2 shadow imps
  4 oozes
  5 adder zombies (Ossuary)
  2 adder skeletons
  2 worms
  5 dart slugs
  10 leopard geckos
  96 orcs
  A ball python (D:1)
  6 giant cockroaches
  11 goblins
  7 hobgoblins
  10 jackals
  5 quokkas
  6 bats
  4 frilled lizards
  9 goblin zombies
  5 hobgoblin zombies (Ossuary)
  A jackal zombie (D:9)
  20 kobolds
  A kobold zombie (Ossuary)
  3 quokka zombies (Ossuary)
  8 rats
  3 rat zombies
  A fungus (Lair:3)
557 creatures vanquished.

Vanquished Creatures (collateral kills)
  Azrael (D:12)
  A hydra (Lair:2)
  A centaur warrior (D:12)
3 creatures vanquished.

Vanquished Creatures (others)
  A killer bee (D:11)
  7 fungi
  5 plants
  2 withered plants (Orc:1)
15 creatures vanquished.

Grand Total: 575 creatures vanquished

Notes
Turn   | Place    | Note
-------+----------+-------------------------------------------
     0 | D:1      | DrEnzyme the Demigod Wanderer began the quest for the Orb.
     0 | D:1      | DrEnzyme set off with the following items: a +2 dagger, a
                  | potion of heal wounds, a +0 spear, a +0 robe, a ration; and
                  | the following spell memorised: Confusing Touch; and the
                  | following spells available to memorise: Dazzling Spray
     0 | D:1      | Reached XP level 1. HP: 17/17 MP: 3/3
   171 | D:1      | Reached skill level 2 in Stealth
   352 | D:1      | Reached XP level 2. HP: 24/24 MP: 5/5
  1205 | D:2      | Reached XP level 3. HP: 21/30 MP: 6/6
  1326 | D:2      | Found a white marble altar of Elyvilon.
  2806 | D:2      | Reached skill level 1 in Short Blades
  2806 | D:2      | Reached XP level 4. HP: 37/37 MP: 7/7
  2988 | D:3      | Found a hazy altar of Hepliaklqana.
  4373 | D:3      | Reached skill level 3 in Stealth
  4373 | D:3      | Reached XP level 5. HP: 40/45 MP: 5/8
  4548 | D:3      | Found a shimmering blue altar of Sif Muna.
  4853 | D:4      | Noticed an ogre
  4896 | D:4      | Noticed an ogre
  4979 | D:4      | Found a sacrificial altar of Ru.
  5059 | D:4      | Noticed a phantom
  5096 | D:4      | Killed a phantom
  5381 | D:4      | Killed an ogre
  5381 | D:4      | Reached skill level 1 in Hexes
  5381 | D:4      | Reached XP level 6. HP: 51/51 MP: 5/9
  5499 | D:4      | Found a basalt altar of Yredelemnul.
  5783 | D:4      | Reached skill level 1 in Spellcasting
  5801 | D:4      | Reached skill level 4 in Stealth
  6040 | D:4      | Found an iron altar of Okawaru.
  6250 | D:5      | Entered Level 5 of the Dungeon
  6356 | D:5      | Reached XP level 7. HP: 35/57 MP: 10/12
  6521 | D:5      | Reached skill level 1 in Armour
  6806 | D:5      | Found a staircase to the Ecumenical Temple.
  7735 | D:5      | Found an ancient bone altar of Kikubaaqudgha.
  7735 | D:5      | Found a shimmering altar of Xom.
  7756 | D:6      | Noticed Prince Ribbit
  7999 | D:6      | Found a sand-covered staircase.
  8015 | D:6      | Killed Prince Ribbit
  8015 | D:6      | Reached skill level 5 in Stealth
  8015 | D:6      | Reached XP level 8. HP: 32/64 MP: 12/14
  8150 | Ossuary  | Entered an ossuary
  8271 | Ossuary  | Noticed Menkaure
  8885 | Ossuary  | Killed Menkaure
  8885 | Ossuary  | Reached skill level 6 in Stealth
  9663 | D:6      | Found a burning altar of Makhleb.
 10410 | D:7      | Found a shattered altar of Ashenzari.
 10436 | D:7      | Found a glowing golden altar of the Shining One.
 10797 | D:7      | Reached skill level 7 in Stealth
 10962 | D:8      | Reached XP level 9. HP: 71/71 MP: 13/16
 11078 | D:8      | Noticed a kobold demonologist
 11092 | D:8      | Killed a kobold demonologist
 11092 | D:8      | Reached skill level 1 in Shields
 11148 | D:8      | Reached skill level 8 in Stealth
 11398 | D:8      | Noticed a two-headed ogre
 12168 | D:8      | HP: 2/71 [two-headed ogre/+0 dire flail (9)]
 12554 | D:9      | Found a stormy altar of Qazlal.
 13388 | D:9      | Noticed a cyan ugly thing
 13739 | D:9      | Reached skill level 1 in Long Blades
 13769 | D:9      | Found an opulent altar of Gozag.
 13770 | D:9      | Found a shadowy altar of Dithmenos.
 13850 | D:9      | Got a polished whip
 13915 | D:10     | Entered Level 10 of the Dungeon
 13932 | D:10     | Reached skill level 9 in Stealth
 13932 | D:10     | Reached XP level 10. HP: 80/80 MP: 19/19
 14024 | D:10     | Noticed Joseph
 14308 | D:10     | Killed Joseph
 14734 | D:10     | Noticed Psyche
 14765 | D:10     | Killed Psyche
 15230 | D:11     | Noticed a cyclops
 15397 | D:10     | Killed a cyclops
 15478 | D:10     | Identified a scroll of acquirement
 15481 | D:10     | Got a smoking shield
 15487 | D:10     | Identified the +3 shield of Negation {rN++ Int+7} (You
                  | acquired it on level 10 of the Dungeon)
 15659 | D:11     | Reached skill level 10 in Stealth
 16209 | D:11     | Found a staircase to the Orcish Mines.
 16259 | D:11     | Found a staircase to the Lair.
 16807 | D:11     | Killed a two-headed ogre
 16839 | D:11     | Reached XP level 11. HP: 83/85 MP: 21/21
 17231 | D:11     | Reached skill level 5 in Fighting
 17364 | D:11     | Noticed a tengu warrior
 17364 | D:11     | Noticed a catoblepas
 17843 | D:10     | HP: 4/88 [bullfrog (4)]
 18333 | D:11     | Reached skill level 5 in Armour
 18661 | D:11     | Reached skill level 11 in Stealth
 18706 | D:11     | Got a slimy plate armour
 18881 | Lair:1   | Entered Level 1 of the Lair of Beasts
 19352 | Lair:1   | Got a faintly humming robe
 19676 | Lair:2   | Noticed a seven-headed hydra
 19897 | Lair:1   | Identified the +1 robe of Serendipity {rPois} (You found it
                  | on level 1 of the Lair of Beasts)
 19907 | Lair:1   | Identified the +9 plate armour of Patterns {*Slow rN++}
                  | (You found it on level 11 of the Dungeon)
 20053 | D:11     | Reached skill level 5 in Dodging
 20084 | D:11     | Reached skill level 5 in Shields
 20429 | Lair:2   | Found a dark tunnel.
 20437 | Volcano  | Entered a volcano
 20585 | Volcano  | Noticed a centaur warrior
 20655 | Volcano  | Noticed a red draconian
 20674 | Volcano  | Reached skill level 5 in Long Blades
 20696 | Volcano  | Killed a red draconian
 20974 | Volcano  | Identified the +6 whip of the New World {drain, rN+ Str-5
                  | Int+4} (You found it on level 9 of the Dungeon)
 21015 | Volcano  | Killed a centaur warrior
 21543 | Lair:2   | Found a runed translucent gate.
 21554 | Lair:2   | You fall into a shaft and drop 2 floors!
 21638 | Lair:4   | Reached XP level 12. HP: 24/97 MP: 19/22
 22156 | Lair:4   | Noticed Nessos
 22340 | Lair:3   | Noticed Sonja
 22467 | Lair:3   | Noticed Fannar
 22672 | Lair:3   | Found a radiant altar of Vehumet.
 23192 | Lair:2   | Killed a seven-headed hydra
 23455 | Lair:2   | Found a runed translucent gate.
 23457 | Lair:2   | Found a runed translucent gate.
 23457 | Lair:2   | Noticed Hounuoppe's ghost (journeyman OgTm)
 23459 | Lair:2   | Noticed a ten-headed hydra
 23953 | Orc:1    | Entered Level 1 of the Orcish Mines
 23953 | Orc:1    | Found Rimotef's Armour Shop.
 23953 | Orc:1    | Noticed Maurice
 23975 | Orc:1    | Killed Maurice
 24175 | D:11     | Killed a catoblepas
 24630 | Orc:1    | Bought the +2 plate armour of Negation {MP+9 Str+3 Stlth+}
                  | for 952 gold pieces
 24731 | Orc:1    | Noticed Josephine
 24731 | Orc:1    | Noticed Snorg
 25265 | D:11     | Killed Snorg
 25923 | D:11     | Killed Josephine
 26234 | Orc:2    | Entered Level 2 of the Orcish Mines
 26271 | Orc:2    | Found a roughly hewn altar of Beogh.
 26622 | Orc:2    | Found a staircase to the Elven Halls.
 26797 | Orc:2    | Found a roughly hewn altar of Beogh.
 26956 | Orc:2    | Found Seadaix's Armour Shop.
 27557 | Orc:2    | Found a roughly hewn altar of Beogh.
 27558 | Orc:2    | Found Syphan's Antique Armour Shop.
 27971 | Orc:2    | Bought a pair of runed boots for 202 gold pieces
 27976 | Orc:2    | Identified a +2 pair of boots of running (You bought it in
                  | a shop on level 2 of the Orcish Mines)
 27976 | Orc:2    | Bought a pair of ichor-stained gloves for 256 gold pieces
 27987 | Orc:2    | Identified the +0 pair of gloves of the Storm King {rElec
                  | Dex-3 Slay+5} (You bought it in a shop on level 2 of the
                  | Orcish Mines)
 27995 | Orc:2    | Bought a colourful robe for 153 gold pieces
 28005 | Orc:2    | Identified the +0 robe "Tyfiro" {rF+ Dex+4} (You bought it
                  | in a shop on level 2 of the Orcish Mines)
 28043 | Orc:2    | Found a roughly hewn altar of Beogh.
 28310 | Orc:2    | Noticed Saint Roka
 29596 | Lair:2   | Reached skill level 12 in Stealth
 30198 | Lair:2   | Reached XP level 13. HP: 96/107 MP: 23/23
 30760 | Lair:3   | Killed Fannar
 31086 | Lair:3   | Killed Sonja
 31381 | Lair:3   | Found a staircase to the Shoals.
 31875 | D:12     | Noticed Azrael
 32042 | D:11     | Upgraded the game from 0.24-a0-581-gc0fa660 to
                  | 0.24-a0-582-g4d4af81
 33242 | D:12     | Found Jidigamu's Distillery.
 33250 | D:12     | Bought 2 potions of heal wounds for 140 gold pieces
 33250 | D:12     | Bought a potion of agility for 56 gold pieces
 33250 | D:12     | Bought a potion of might for 56 gold pieces
 33314 | D:12     | Killed Azrael
 33918 | D:12     | Noticed Gastronok
 33939 | D:12     | Killed Gastronok
 34374 | D:13     | Noticed Frances
 35032 | Orc:1    | Found Viruemom's Book Boutique.
 35037 | Orc:1    | Found a runed translucent gate.
 35037 | Orc:1    | Found a runed translucent gate.
 35037 | Orc:1    | Found a runed translucent gate.
 35563 | Orc:2    | Noticed an orc warlord
 35859 | Orc:1    | Found Wyckaub's Armour Shoppe.
 35969 | Orc:1    | Noticed Gughamud's ghost (journeyman HOFi)
 35969 | Orc:1    | Noticed Dorkslayer's ghost (journeyman MiFi)
 37218 | Orc:2    | Found Bufrott's Antique Armour Boutique.
 37219 | Orc:2    | Found a roughly hewn altar of Beogh.
 37220 | Orc:2    | Found Ummic's Antique Weapon Shop.
 37884 | Lair:3   | HP: 3/110 [acid (10)]
 37885 | Lair:3   | Killed from afar by an oklob plant

Levels and vault maps discovered:
D:1:      dpeg_arrival_leaves_temple_mockup, layout_basic, st_stairs_11
D:2:      minmay_chambers_of_twos, layout_loops_cross, elyvilon_altar_1
D:3:      layout_loops_ring, nicolae_overflow_crystal_walls, old_standard_altar,
          first_ration, skrybe_limestone_x, minivault_27
D:4:      layout_gridville, kennysheep_mini, overflow_temple_1_default,
          okawaru_metal_pillars_1_2
D:5:      layout_loops_corners, nicolae_overflow_hidden_temple,
          minmay_temple_entry_statues_pillars
D:6:      layout_loops_corners, kennysheep_little_box, enter_ossuary_4,
          uniq_prince_ribbit1
D:7:      layout_loops_ring, lemuel_round_altar, ashenzari_altar_1
D:8:      layout_rooms, special_room [special_room_kobold]
D:9:      layout_roguey, grunt_qazlal_sundering,
          gammafunk_temple_overflow_statue
D:10:     layout_basic, uniq_joseph, uniq_psyche
D:11:     minmay_the_grid_octo_tiled_octocenter [minmay_the_grid_octo_toaster,
          minmay_the_grid_octo_77, minmay_the_grid_octo_empty,
          minmay_the_grid_octo_fat_diamond, minmay_the_grid_octo_prize_star,
          minmay_the_grid_square_5x5_slash, minmay_the_grid_square_5x5_one_wall,
          minmay_the_grid_square_5x5_checkered_statues,
          minmay_the_grid_square_5x5_lines], layout_basic
D:12:     lemuel_ice_spiral_2, layout_basic, serial_shops, shop, uniq_azrael,
          uniq_gastronok
D:13:     layout_rooms, basic_altar, uniq_frances
Lair:1:   layout_long_grid
Lair:2:   beast_lair_carwin_large_2, layout_misc_corridors, enter_volcano_1,
          gammafunk_ghost_hydra_chop, st_stairs_4, serial_bayou_shore_a
Lair:3:   dpeg_oklob_gauntlet, layout_regular_city, elwin_shoals_entry_rooms,
          basic_altar, serial_bayou_crossing, uniq_fannar, uniq_sonja
Lair:4:   regret_index_harrowing_hell_hive, layout_small_grid,
          dummy_snake_entry, serial_bayou_shore_b, lemuel_fruit_tree,
          lemuel_fruit_fields, uniq_nessos
Orc:1:    layout_caves, serial_shops, shop, nicolae_shop_behind_doors, shop,
          gammafunk_ghost_cemetery, uniq_maurice, uniq_josephine, uniq_snorg
Orc:2:    grunt_orc_community_town_hall, layout_caves,
          grunt_orc_community_big_house_1, grunt_orc_community_big_house_2,
          grunt_orc_community_house_3, grunt_orc_community_house_3,
          grunt_orc_community_house_3, grunt_orc_community_house_2,
          uniq_saint_roka

Skill      XL: |  1  2  3  4  5  6  7  8  9 10 11 12 13 |
---------------+----------------------------------------+-----
Fighting       | 2 3 4 6 8 |  8.8
Stealth        | 2 3 4 5 7 9 10 11 12 | 12.4
Short Blades   | 1 2 3 4 |  4.8
Dodging        | 2 3 4 5 |  5.1
Hexes          | 1 2 3 4 |  4.0
Spellcasting   | 1 2 3 4 |  4.1
Throwing       | 2 |  2.4
Armour         | 2 3 4 5 7 8 |  8.2
Shields        | 2 4 5 7 8 |  8.6
Long Blades    | 1 3 5 7 8 |  8.7
Evocations     | 2 |  2.0
Slings         | |  0.2
Transmutations | |  1.0
Air Magic      | |  1.7

Action                   |  1- 3 |  4- 6 |  7- 9 | 10-12 | 13-15 || total
-------------------------+-------+-------+-------+-------+-------++-------
Melee: Dagger            |   147 |   243 |   610 |   596 |       ||  1596
       Rapier            |       |       |       |   681 |   274 ||   955
       Demon blade       |       |       |       |       |   211 ||   211
 Fire: Hunting sling     |     6 |     6 |       |       |       ||    12
Throw: Stone             |    63 |    32 |       |       |       ||    95
       Javelin           |       |     8 |     2 |    10 |       ||    20
       Dart              |       |       |     7 |   205 |    57 ||   269
 Cast: Confusing Touch   |       |    20 |    76 |   166 |    10 ||   272
Evoke: Wand              |       |       |     1 |    26 |     8 ||    35
       Phial of floods   |       |       |       |     1 |     1 ||     2
       Phantom mirror    |       |       |       |     1 |       ||     1
  Use: Scroll            |       |     9 |     5 |    18 |     3 ||    35
       Potion            |       |     3 |     4 |    21 |     5 ||    33
 Stab: Sleeping          |     4 |     4 |    28 |    10 |     1 ||    47
       Confused          |       |    14 |    56 |    99 |    10 ||   179
       Distracted        |       |       |     1 |       |       ||     1
  Eat: Chunk             |     6 |    12 |    19 |    24 |     5 ||    66
       Ration            |       |       |     2 |     8 |     6 ||    16
Armor: Robe              |    18 |    35 |       |       |       ||    53
       Leather armour    |       |    16 |    48 |       |       ||    64
       Scale mail        |       |       |    94 |   222 |       ||   316
       Chain mail        |       |       |       |   212 |   153 ||   365
       Plate armour      |       |       |       |    48 |       ||    48
Dodge: Dodged            |   110 |   133 |   228 |   413 |   105 ||   989
Block: Buckler           |       |       |       |   101 |       ||   101
       Shield            |       |       |       |   589 |   290 ||   879
       Rpst.: Demon blade |       |       |       |       |    11 ||    11

Table legend:
 A = Non-vault XP
 B = Vault XP
 C = Vault XP percentage of total XP
 D = Non-vault monster count
 E = Vault monster count
 F = Vault count percentage of total count
                 A         B        C        D         E       F
            +---------+---------+-------+---------+---------+-------
      Total |   33864 |   31853 |  48.5 |     345 |     215 |  38.4
            +---------+---------+-------+---------+---------+-------
        D:1 |      37 |      10 |  21.3 |      21 |       5 |  19.2
        D:2 |      60 |      39 |  39.4 |      19 |       8 |  29.6
        D:3 |     187 |       0 |   0.0 |      22 |       0 |   0.0
        D:4 |     523 |       0 |   0.0 |      17 |       0 |   0.0
        D:5 |     469 |       0 |   0.0 |      14 |       0 |   0.0
        D:6 |     542 |     285 |  34.5 |      28 |       3 |   9.7
        D:7 |     583 |       0 |   0.0 |      10 |       0 |   0.0
        D:8 |    1037 |    1291 |  55.5 |      18 |      20 |  52.6
        D:9 |    1105 |       0 |   0.0 |      13 |       0 |   0.0
       D:10 |    2578 |    1512 |  37.0 |      22 |       4 |  15.4
       D:11 |    4861 |   10047 |  67.4 |      36 |      36 |  50.0
       D:12 |    4786 |    3827 |  44.4 |      38 |       6 |  13.6
     Lair:1 |    2063 |     240 |  10.4 |      12 |       2 |  14.3
     Lair:2 |    6824 |     714 |   9.5 |      17 |       5 |  22.7
     Lair:3 |    1484 |    2719 |  64.7 |       5 |       4 |  44.4
     Lair:4 |    1272 |       0 |   0.0 |       5 |       0 |   0.0
      Orc:1 |    1939 |    1680 |  46.4 |      20 |      12 |  37.5
      Orc:2 |    3514 |    5944 |  62.8 |      28 |      66 |  70.2
    Ossuary |       0 |     577 | 100.0 |       0 |      37 | 100.0
    Volcano |       0 |    2968 | 100.0 |       0 |       7 | 100.0
            +---------+---------+-------+---------+---------+-------
